 Dungeon Crawl Stone Soup version 0.30-a0-765-g3161bf10a1 (webtiles) character file.

Game seed: 9257308653785712348

426177 Kenran the Slayer (level 22, -5/340 (352) HPs)
             Began as an Armataur Berserker on Feb 11, 2023.
             Was the Champion of Trog.
             Slain by Grunn
             ... wielding a +4 glaive of draining
              (20 damage)
             ... on level 3 of the Depths on Feb 12, 2023.
             The game lasted 02:20:36 (56943 turns).

Kenran the Slayer (Armataur Berserker)             Turns: 56943, Time: 02:20:37

HP:   -5/340 (352)  AC: 52    Str: 29    XL:     22   Next: 75%
MP:   22/22         EV:  7    Int: 15    God:    Trog [******]
Gold: 3029          SH: 12    Dex: 13    Spells: 21/21 levels left

rFire   + . .      SeeInvis .    a - +9 demon trident (spect)
rCold   + . .      Faith    .    b - +0 kite shield
rNeg    . . .      Spirit   .    Q - +10 plate armour {rF+}
rPois   +          Reflect  .    O - +0 helmet of Nemelex Xobeh's Esteem {Int+3 Stlth+}
rElec   .          Harm     .    Y - +2 cloak {rPois}
rCorr   .          Roll     +    C - +0 pair of gloves
Will    +....      Rnd*Tele +    d - +0 barding Stlth
                                 R - amulet "Norofin" {Acrobat +Inv Regen+}
HPRegen 1.56/turn                o - ring "Rosk" {rC+ AC+4 Int+3}
MPRegen 0.18/turn                t - ring of Juiranih {Drain +Blink AC+4 Slay+6}

@: berserking, lethally poisoned (-5 -> -24), slowed, studying Stealth, lightly
drained
A: large, rugged brown scales 3, deformed body, armoured tail, roll, long
tongue, awkward tongue, teleportitis 1
}: 2/15 runes: serpentine, barnacled
a: Renounce Religion, Evoke Blink, Evoke Invisibility, Berserk, Trog's Hand,
Brothers in Arms


You were on level 3 of the Depths.
You worshipped Trog.
Trog was exalted by your worship.
You visited 8 branches of the dungeon, and saw 40 of its levels.
You visited the Abyss 1 time.
You visited 1 bazaar.
You also visited: Desolation.

You collected 5223 gold pieces.
You spent 2194 gold pieces at shops.

Inventory:

Hand Weapons
 a - a +9 spectral demon trident (weapon)
 k - the +9 trident of Bloody Death {flame, rCorr}
   (Trog gifted it to you on level 4 of the Shoals)

   rCorr:     It protects you from acid and corrosion.
Missiles
 U - 4 throwing nets (quivered)
Armour
 b - a +0 kite shield (worn)
 d - a +0 barding (worn)
 C - a +0 pair of gloves (worn)
 O - the +0 helmet of Nemelex Xobeh's Esteem (worn) {Int+3 Stlth+}
   (You found it on level 4 of the Lair of Beasts)

   Int:       It affects your intelligence (+3).
   Stlth:     It makes you more stealthy.
 Q - a +10 plate armour of fire resistance (worn)
 Y - a +2 cloak of poison resistance (worn)
Jewellery
 o - the ring "Rosk" (left hand) {rC+ AC+4 Int+3}
   (You acquired it on level 7 of the Dungeon)

   [ring of protection]

   AC:        It affects your AC (+4).
   Int:       It affects your intelligence (+3).
   rC:        It protects you from cold.
 t - the ring of Juiranih (right hand) {Drain +Blink AC+4 Slay+6}
   (You bought it in a shop in a bazaar)

   [ring of protection]

   AC:        It affects your AC (+4).
   Slay:      It affects your accuracy & damage with ranged weapons and melee
   (+6).
   +Blink:    It lets you blink.
   Drain:     It drains your maximum health when unequipped.
 R - the amulet "Norofin" (around neck) {Acrobat +Inv Regen+}
   (You found it on level 7 of the Dungeon)

   [amulet of the acrobat]

   It increases your evasion while moving and waiting.
   +Inv:      It lets you turn invisible.
   Regen:     It increases your rate of health regeneration.
 S - the ring of Pugik {*Corrode rN++ Will+++ SInv}
   (You found it on level 3 of the Snake Pit)

   [ring of see invisible]

   rN:        It greatly protects you from negative energy.
   SInv:      It lets you see invisible.
   *Corrode:  It may corrode you when you take damage.
   Will:      It greatly increases your willpower.
 T - the ring "Ebucuy" {Will+ rCorr}
   (You found it on level 4 of the Shoals)

   [ring of willpower]

   rCorr:     It protects you from acid and corrosion.
   Will:      It increases your willpower.
Wands
 n - a wand of polymorph (15)
 x - a wand of quicksilver (23)
 A - a wand of charming (38)
 H - a wand of flame (21)
 I - a wand of iceblast (6)
 J - a wand of mindburst (9)
 M - a wand of digging (20)
Scrolls
 h - 8 scrolls of fog
 j - 13 scrolls of magic mapping
 m - 17 scrolls of identify {@r1}
 r - 3 scrolls of enchant weapon
 s - 3 scrolls of summoning
 u - 2 scrolls of brand weapon
 v - 11 scrolls of teleportation
 y - 7 scrolls of immolation {!r}
 B - a scroll of silence
 D - 6 scrolls of poison
 E - 6 scrolls of blinking
 F - 5 scrolls of fear
Potions
 c - 11 potions of mutation {!q}
 e - 11 potions of curing {@q1}
 f - 5 potions of ambrosia
 g - 7 potions of brilliance
 i - 2 potions of cancellation
 l - 4 potions of flight
 p - 15 potions of heal wounds {@q2}
 q - 7 potions of might
 z - 8 potions of haste
 G - 4 potions of magic
 K - 5 potions of invisibility
 L - 6 potions of attraction {!q}
 P - 8 potions of lignification {!q}
 W - a potion of resistance
 X - a potion of berserk rage {!q}
Miscellaneous
 w - a phial of floods
 N - a lightning rod (4/4)
 V - a condenser vane
 Z - a box of beasts


   Skills:
 + Level 23.3 Fighting
 - Level 15.0 Polearms
 * Level 22.4 Armour
 - Level 8.0 Dodging
 - Level 10.0 Stealth
 - Level 12.0 Shields
 + Level 16.7 Evocations


You had 21 spell levels left.
You didn't know any spells.
Your spell library was empty.

Dungeon Overview and Level Annotations

Branches:
Dungeon (15/15)            Temple (0/1) D:6            Lair (5/5) D:10
 Shoals (4/4) Lair:2        Snake (4/4) Lair:2        Slime (0/5) Lair:4
    Orc (2/2) D:12            Elf (3/3) Orc:2        Vaults (4/5) D:13
  Crypt (0/3) Vaults:3     Depths (3/4) D:15        Desolation (visited)

Altars:
Elyvilon
Fedhas
Gozag
Hepliaklqana
Kikubaaqudgha
Nemelex Xobeh
Okawaru
Qazlal
Ru
Sif Muna
Vehumet
Xom
Yredelemnul
Zin
Jiyva
Lugonu

Shops:
Orc:1 !   Orc:2 ([:*   Snake:4 !   Depths:1 ([

Portals:
Hell: Depths:1 Depths:2
Abyss: Lair:5 Depths:1 Depths:3
Pandemonium: Depths:1 Depths:2
Trove: D:13 (give +3 storm dragon scales)

Annotations:
Lair:5 2 transporters, exclusions: ice statue and oklob plant, Odexios's ghost, journeyman OpSu
Shoals:1 Roxanne
Snake:1 3 runed translucent doors, exclusion: obsidian statue, Jeukyot's ghost, adept MiMo
Depths:1 1 runed translucent door
Depths:2 2 transporters
Depths:3 Grunn


Innate Abilities, Weirdness & Mutations

You are completely covered in rugged brown scales. (AC +3, +7% HP)
Armour fits poorly on your strangely shaped body.
You have a long armoured tail.
You roll when moving toward enemies. (Rampage)
Your long tongue fully drains potion bottles. (2x potion effects)
Your tongue gives you trouble enunciating. (1.5x scroll delay)
You are occasionally teleported next to monsters.


Message History

The bone dragon tramples you but does no damage.
The bone dragon bites you but does no damage.
The bone dragon closely misses you.
The bone dragon tramples you but does no damage.
The reaper hits you but does no damage.
Grunn hits you from afar with a +4 glaive of draining.
* * * LOW HITPOINT WARNING * * *
You feel drained.
* * * LOW HITPOINT WARNING * * *
The spark wasp stings you but does no damage.
You are too berserk!
You are too berserk!
You stick the spark wasp like a pincushion!!!
You tail-slap the spark wasp.
The spark wasp is heavily wounded.
Your +9 spectral demon trident hits the spark wasp!!
* * * LOW HITPOINT WARNING * * *
You feel extremely sick. The bone dragon barely misses you.
The bone dragon claws you but does no damage.
The bone dragon tramples you but does no damage.
The bone dragon bites you but does no damage.
The bone dragon claws you but does no damage.
The bone dragon tramples you but does no damage.
The reaper hits you but does no damage.
The spark wasp stings your +9 spectral demon trident.
Your spectral weapon shares its damage with you!
The spark wasp shocks your +9 spectral demon trident.
Your +9 spectral demon trident resists.
Your spectral weapon shares its damage with you!
* * * LOW HITPOINT WARNING * * *
You closely miss the spark wasp.
Your tail-slap misses the spark wasp.
The spark wasp is almost dead.
Your +9 spectral demon trident hits the spark wasp!!
You kill the spark wasp!
Trog accepts your kill.
* * * LOW HITPOINT WARNING * * *
You feel very sick.
Grunn hits you from afar with a +4 glaive of draining!!
You die...

#.# # ..+$+..
..#.#.. ##.......
##........
##g........
##2.†§......
.#+##..D@(D.....
....#...D.......#
..........###'###
#......).#.....
#.......#.....#
'###
#.......'....#
.C.#
#.......#...##
#..#
#.......#..##
#... ##.....## ##
#####...


You could see Grunn, 2 bone dragons, a golden dragon, a reaper and a friendly +9
spectral demon trident (summoned).

Vanquished Creatures
  Bai Suzhen (Elf:3)
  A caustic shrike (Depths:3)
  A golden dragon (Depths:2)
  A bone dragon (Abyss:2)
  4 tentacled monstrosities
  A Tzitzimitl (Depths:3)
  3 doom hounds (Depths:3)
  A shard shrike skeleton (Abyss:2)
  Mlioglotl (Shoals:1)
  2 liches
  Asterion (Depths:2)
  3 deep elf blademasters
  A quicksilver dragon (Depths:3)
  The ghost of zamzamzam the Executioner, an adept MiBe of Trog (Shoals:3)
  2 deep elf master archers (Elf:3)
  A titan (Vaults:3)
  4 sphinxes
  A walking divine tome (Depths:3)
  Frances (Shoals:1)
  An Executioner (Abyss:2)
  3 tengu reavers
  A storm dragon (Depths:2)
  7 fire giants
  2 nagarajas (Snake:4)
  4 frost giants
  16 vault wardens
  2 imperial myrmidons (Desolation)
  4 deep elf sorcerers
  14 ironbound preservers
  2 iron dragons
  A juggernaut zombie (Depths:1)
  A cacodemon (Abyss:2)
  5 deep elf elementalists (Elf:3)
  A spriggan defender (Depths:3)
  3 orc warlords
  2 war gargoyles (Vaults:4)
  16 very ugly things
  6 stone giants
  A black draconian (shapeshifter) (Elf:2)
  8 deep elf demonologists
  8 ironbound thunderhulks
  A putrid mouth (Depths:3)
  5 deep elf annihilators
  6 starcursed masses (Abyss:2)
  A vampire knight (Depths:3)
  11 dire elephants
  A yellow draconian (Abyss:2)
  A spark wasp (Depths:3)
  A halazid warlock (Desolation)
  6 ettins
  3 crystal guardians
  A merfolk javelineer (Shoals:4)
  5 deep elf death magi
  Josephine (Lair:5)
  2 entropy weavers
  10 merfolk impalers
  7 ragged hierophants (Desolation)
  11 yaktaur captains
  2 deep elf high priests (Elf:3)
  5 fire dragons
  8 vault guards
  7 servants of whispers (Desolation)
  6 great orbs of eyes
  8 hydras
  4 ice dragons
  3 rakshasas
  Erolcha (D:10)
  2 ogre magi
  8 peacekeepers
  5 salamander tyrants (Snake:4)
  3 spriggan air magi
  4 ironbound frosthearts
  2 catoblepae
  3 alligator snapping turtles
  2 spriggan skeletons
  8 anacondas
  3 merfolk avatars
  5 merfolk aquamancers
  8 two-headed ogres
  15 centaur warriors
  3 deep troll shamans
  3 death yaks
  3 satyrs
  7 naga warriors
  8 boulder beetles
  19 dancing weapons
  2 orc high priests
  A spriggan berserker (Depths:1)
  4 tengu warriors (Depths:1)
  A vampire mage (Depths:1)
  4 thrashing horrors
  4 deep troll earth magi
  10 naga sharpshooters
  Sonja (Lair:4)
  25 deep elf knights
  9 hell knights
  10 shock serpents
  A titan skeleton (Depths:1)
  3 salamander mystics (Snake:4)
  A spark wasp zombie (Depths:1)
  A fire crab (shapeshifter) (Lair:5)
  4 iron trolls
  A skyshark (shapeshifter) (Vaults:2)
  2 glowing orange brains
  18 sea snakes
  2 skysharks
  50 deep trolls
  A kraken simulacrum (Shoals:4)
  5 naga ritualists (Snake:4)
  Pikel (D:4)
  15 ironbound convokers
  13 lindwurms
  A glowing orange brain (shapeshifter) (Vaults:2)
  8 large abominations
  6 wizards
  4 necromancers
  9 harpies
  13 deep elf archers
  7 mana vipers
  45 deep elf pyromancers
  2 phantasmal warriors (Vaults:3)
  29 deep elf zephyrmancers
  6 orc knights
  5 fauns
  33 ugly things
  7 orc sorcerers
  6 cyclopes
  8 salamanders
  11 elephants
  16 manticores
  27 black mambas
  A frost giant skeleton (Depths:1)
  13 guardian serpents
  15 vault sentinels
  2 black mambas (shapeshifter)
  6 merfolk sirens
  7 water nymphs
  14 naga magi
  A torpor snail (shapeshifter) (Depths:3)
  5 smoke demons
  A gargoyle (D:13)
  An apocalypse crab (Abyss:2)
  A molten gargoyle (Desolation)
  A centaur skeleton (D:15)
  Maggie (D:6)
  9 cane toads
  2 freezing wraiths
  2 rime drakes
  An unseen horror (D:11)
  Psyche (D:8)
  43 yaktaurs
  6 komodo dragons
  2 ancient zymes (Lair:5)
  A golden dragon simulacrum (Depths:2)
  10 trolls
  A tormentor (Depths:3)
  5 polar bears
  5 wind drakes
  3 hornets
  28 merfolk
  Grinder (D:3)
  4 raiju (Abyss:2)
  43 saltlings (Desolation)
  8 snapping turtles
  20 blink frogs
  A slime creature (shapeshifter) (Vaults:3)
  7 dream sheep
  2 centaur simulacra (D:15)
  An air elemental (Elf:3)
  28 slime creatures
  7 wraiths
  34 yaks
  A vampire (D:13)
  4 ynoxinuls
  A spriggan (Lair:5)
  15 water elementals
  6 wyverns
  2 shadows
  12 basilisks
  3 fire elementals (Elf:1)
  13 small abominations
  A neqoxec (Abyss:2)
  A redback (Vaults:1)
  5 vampire mosquitoes
  3 acid dragons
  29 nagas
  5 wargs
  16 water moccasins
  2 ice beasts
  A sky beast (D:6)
  48 orc warriors
  A spriggan simulacrum (Depths:2)
  7 wolves
  5 ogres
  9 boggarts
  12 centaurs
  A kobold brigand (D:8)
  7 bullfrogs
  2 necrophages
  A scorpion (shapeshifter) (Elf:3)
  An earth elemental (Elf:1)
  2 gnoll sergeants
  2 scorpions
  15 wights
  13 killer bees
  10 howler monkeys
  7 electric eels
  A tengu skeleton (Depths:1)
  3 lava snakes (Lair:5)
  6 hounds
  2 jellies (D:6)
  24 orc priests
  Crazy Yiuf (D:3)
  2 iguanas
  Natasha (thrice) (D:3)
  Terence (D:3)
  23 orc wizards
  A statue (D:11)
  6 adders
  13 gnolls
  A shadow imp (D:6)
  5 white imps
  3 ufetubi
  3 worms
  2 dart slugs
  128 orcs
  6 endoplasms
  4 giant cockroaches
  5 goblins
  6 hobgoblins
  2 jackals (D:1)
  11 kobolds
  2 quokkas
  5 ball pythons
  3 bats
  2 frilled lizards
  A rat (D:1)
  2 butterflies (Depths:2)
  2 tentacles (Shoals:4)
1685 creatures vanquished.

Vanquished Creatures (collateral kills)
  An imperial myrmidon (Desolation)
  A deep elf elementalist (Elf:3)
  A deep elf annihilator (Elf:3)
  A halazid warlock (Desolation)
  A deep elf death mage (Elf:3)
  A peacekeeper (Desolation)
  3 saltlings (Desolation)
9 creatures vanquished.

Vanquished Creatures (others)
  A vampire knight (Depths:2)
  An ironbound frostheart (Vaults:4)
  18 fungi
  88 plants
  11 tentacles (Shoals:4)
119 creatures vanquished.

Grand Total: 1813 creatures vanquished

Notes
Turn   | Place    | Note
-------+----------+-------------------------------------------
     0 | D:1      | Kenran the Armataur Berserker began the quest for the Orb.
     0 | D:1      | Reached XP level 1. HP: 19/19 MP: 1/1
   269 | D:1      | Reached XP level 2. HP: 25/26 MP: 2/2
   722 | D:2      | Found a faded altar of an unknown god.
   733 | D:2      | Reached skill level 3 in Fighting
   733 | D:2      | Reached XP level 3. HP: 32/33 MP: 3/3
  1654 | D:2      | Found a blossoming altar of Fedhas.
  2008 | D:3      | Found a runed translucent door.
  2009 | D:3      | Noticed Crazy Yiuf
  2015 | D:3      | Killed Crazy Yiuf
  2016 | D:3      | Reached XP level 4. HP: 40/40 MP: 4/4
  2108 | D:3      | Noticed Terence
  2117 | D:3      | Killed Terence
  2232 | D:3      | Noticed Natasha
  2243 | D:3      | Killed Natasha
  2243 | D:3      | Reached ** piety under Trog
  2244 | D:3      | Reached XP level 5. HP: 43/48 MP: 5/5
  2364 | D:3      | You fall into a shaft and drop 1 floor!
  2409 | D:4      | Found a radiant altar of Vehumet.
  2533 | D:3      | Noticed Natasha
  2539 | D:3      | Killed Natasha
  2560 | D:3      | Noticed Natasha
  2572 | D:3      | Killed Natasha
  2712 | D:3      | Noticed Grinder
  2719 | D:3      | Paralysed by Grinder for 5 turns
  2730 | D:3      | Killed Grinder
  2731 | D:3      | Reached skill level 5 in Polearms
  2731 | D:3      | Reached XP level 6. HP: 54/54 MP: 6/6
  2797 | D:3      | Identified the +6 short sword "Waegotau" {flame, rPois rC-
                  | Str+4 Dex+3}
  2817 | D:3      | Found a shimmering blue altar of Sif Muna.
  3039 | D:4      | Found a blossoming altar of Fedhas.
  3118 | D:4      | Noticed Pikel
  3134 | D:4      | Killed Pikel
  3135 | D:4      | Reached skill level 4 in Fighting
  3135 | D:4      | Reached XP level 7. HP: 63/63 MP: 7/7
  3770 | D:5      | Entered Level 5 of the Dungeon
  3786 | D:5      | Reached XP level 8. HP: 48/70 MP: 8/8
  4012 | D:5      | Found a shimmering altar of Xom.
  4459 | D:5      | Found a sparkling altar of Nemelex Xobeh.
  4924 | D:6      | Found a staircase to the Ecumenical Temple.
  5006 | D:6      | Reached *** piety under Trog
  5223 | D:6      | Found a hazy altar of Hepliaklqana.
  5259 | D:6      | Reached skill level 1 in Evocations
  5259 | D:6      | Found a white marble altar of Elyvilon.
  5399 | D:6      | Noticed Maggie
  5406 | D:6      | Killed Maggie
  5407 | D:6      | Reached skill level 5 in Fighting
  5407 | D:6      | Reached skill level 5 in Armour
  5407 | D:6      | Reached XP level 9. HP: 79/79 MP: 9/9
  6442 | D:7      | Reached skill level 6 in Fighting
  6538 | D:7      | Noticed a red ugly thing
  6538 | D:7      | Noticed a cyan ugly thing
  6539 | D:7      | Found a transporter.
  6539 | D:7      | Noticed a brown ugly thing
  6540 | D:7      | Found a corrupted altar of Lugonu.
  6541 | D:7      | Noticed a purple ugly thing
  6692 | D:7      | Found a transporter.
  7357 | D:8      | Identified the +0 robe of Going Fast {Regen+}
  7460 | D:8      | Found a sacrificial altar of Ru.
  7501 | D:8      | Reached **** piety under Trog
  7511 | D:8      | Reached skill level 7 in Fighting
  7726 | D:8      | Noticed Psyche
  7739 | D:8      | Killed Psyche
  7740 | D:8      | Reached skill level 10 in Polearms
  7740 | D:8      | Reached XP level 10. HP: 61/92 MP: 10/10
  8103 | D:8      | Found a stormy altar of Qazlal.
  8531 | D:9      | Reached skill level 8 in Fighting
  8775 | D:9      | Found Zin's Purification Station.
  9017 | D:9      | Found an iron altar of Okawaru.
  9109 | D:9      | Found a glowing silver altar of Zin.
  9114 | D:9      | Bought a potion of curing for 90 gold pieces
  9557 | D:10     | Entered Level 10 of the Dungeon
  9570 | D:10     | Noticed Erolcha
  9589 | D:10     | Killed Erolcha
  9590 | D:10     | Reached skill level 9 in Fighting
  9607 | D:10     | Noticed a two-headed ogre
  9702 | D:10     | Killed a two-headed ogre
  9746 | D:10     | Paralysed by a hornet for 1 turns
  9862 | D:10     | Reached XP level 11. HP: 92/103 MP: 11/11
 10006 | D:10     | Reached ***** piety under Trog
 10030 | D:10     | Reached skill level 10 in Fighting
 10185 | D:10     | Found a staircase to the Lair.
 10436 | D:10     | Noticed a two-headed ogre
 10452 | D:10     | Killed a two-headed ogre
 10638 | Lair:1   | Entered Level 1 of the Lair of Beasts
 10933 | Lair:1   | Noticed a catoblepas
 10993 | Lair:1   | Killed a catoblepas
 11404 | Lair:1   | Reached skill level 5 in Evocations
 11539 | Lair:1   | Upgraded the game from 0.30-a0-760-g5a9884bb7c to
                  | 0.30-a0-765-g3161bf10a1
 12356 | Lair:2   | Noticed a lindwurm
 12370 | Lair:2   | Paralysed by a hornet for 1 turns
 12490 | Lair:2   | Killed a lindwurm
 12571 | Lair:2   | Reached XP level 12. HP: 87/113 MP: 12/12
 13603 | Lair:2   | Found a staircase to the Snake Pit.
 13628 | Lair:2   | Reached skill level 10 in Armour
 15044 | Lair:3   | Reached skill level 11 in Fighting
 15150 | Lair:3   | Identified the +2 rapier of Flawed Execution {freeze,
                  | Stlth+}
 15155 | Lair:3   | Noticed a five-headed hydra
 15167 | Lair:3   | Killed a five-headed hydra
 15671 | Lair:4   | Noticed a death yak
 15671 | Lair:4   | Noticed a death yak
 15905 | Lair:4   | Noticed Sonja
 15910 | Lair:4   | Killed Sonja
 16124 | Lair:4   | Noticed a death yak
 16146 | Lair:3   | Killed a death yak
 16520 | Lair:4   | Killed a death yak
 16526 | Lair:4   | Killed a death yak
 16592 | Lair:4   | Identified the +0 helmet of Nemelex Xobeh's Esteem {Int+3
                  | Stlth+}
 16730 | Lair:4   | Found a viscous altar of Jiyva.
 16730 | Lair:4   | Found a staircase to the Slime Pits.
 16800 | Lair:4   | Reached XP level 13. HP: 124/124 MP: 13/13
 17522 | Lair:5   | Entered Level 5 of the Lair of Beasts
 18331 | Lair:5   | Identified the +7 falchion of Quitukow {freeze, rPois}
 18428 | Lair:5   | Noticed Josephine
 18474 | Lair:5   | Reached skill level 12 in Fighting
 18476 | Lair:5   | Killed Josephine
 18592 | Lair:5   | Received a gift from Trog
 18877 | Lair:5   | Found a transporter.
 18879 | Lair:5   | Noticed Odexios's ghost (journeyman OpSu)
 18954 | Lair:5   | Found a transporter.
 20966 | Lair:5   | Reached XP level 14. HP: 135/135 MP: 14/14
 20986 | Lair:5   | Found a corrupted altar of Lugonu.
 20986 | Lair:5   | Found a one-way gate to the infinite horrors of the Abyss.
 21269 | D:7      | Identified the +1 shortbow "Zogikkent" {heavy, rF- Will+++
                  | Dex+5 Stlth+}
 21405 | D:7      | Identified the amulet "Norofin" {Acrobat +Inv Regen+}
 21422 | D:7      | Identified 2 scrolls of acquirement
 21428 | D:7      | Acquired the ring "Rosk" {rC+ AC+4 Int+3}
 21433 | D:7      | Acquired 443 gold pieces
 22174 | D:11     | Reached skill level 15 in Polearms
 22285 | D:11     | Found a radiant altar of Vehumet.
 22559 | D:11     | Identified the +0 morningstar of Distant Worlds {speed,
                  | rPois rF+ Str+2 Dex-2}
 23892 | D:12     | Received a gift from Trog
 23939 | D:12     | Found a staircase to the Orcish Mines.
 24459 | Orc:1    | Entered Level 1 of the Orcish Mines
 24465 | Orc:1    | Reached ****** piety under Trog
 24875 | Orc:1    | Reached skill level 13 in Fighting
 24878 | Orc:1    | Paralysed by an orc sorcerer for 2 turns
 25261 | Orc:1    | Found Ohetz's Distillery.
 25363 | Orc:1    | Bought a potion of lignification for 42 gold pieces
 25363 | Orc:1    | Bought 2 potions of haste for 280 gold pieces
 25363 | Orc:1    | Bought a potion of attraction for 42 gold pieces
 25740 | Orc:2    | Entered Level 2 of the Orcish Mines
 25740 | Orc:2    | Found a staircase to the Elven Halls.
 25958 | Orc:1    | Received a gift from Trog
 26416 | Orc:2    | Paralysed by an orc sorcerer for 3 turns
 26536 | Orc:2    | Found Qouzepn's General Store.
 26866 | Orc:2    | Reached skill level 5 in Dodging
 27253 | Orc:2    | Received a gift from Trog
 27326 | Orc:2    | Noticed an orc warlord
 27341 | Orc:2    | Killed an orc warlord
 27470 | Orc:2    | Found Jahaog's Antique Weapon Emporium.
 27472 | Orc:2    | Found Mierox's Antique Armour Shoppe.
 27486 | Orc:2    | Bought a pair of smoking boots for 342 gold pieces
 27486 | Orc:2    | Identified the +2 pair of boots of Summertime {Str+2} (You
                  | bought it in a shop on level 2 of the Orcish Mines)
 27589 | Orc:2    | Found Jeicuezxeho's Book Shop.
 29184 | D:13     | Reached XP level 15. HP: 44/145 MP: 15/15
 29423 | D:13     | Found a gate to the Vaults.
 29498 | D:13     | Received a gift from Trog
 29730 | D:13     | Found a portal to a secret trove of treasure.
 29993 | D:14     | Identified the +2 halberd "Qoesy" {venom, Dex+5}
 30422 | D:14     | Reached skill level 14 in Fighting
 30590 | D:14     | Reached skill level 1 in Shields
 31409 | D:15     | Entered Level 15 of the Dungeon
 31596 | D:15     | Found a staircase to the Depths.
 31622 | D:15     | Reached skill level 5 in Shields
 31666 | D:15     | Received a gift from Trog
 32820 | Snake:1  | Entered Level 1 of the Snake Pit
 33037 | Snake:1  | You fall into a shaft and drop 1 floor!
 33276 | Snake:2  | Found a flickering gateway to a bazaar.
 33509 | Bazaar   | Entered a bazaar
 33550 | Bazaar   | Found Gitoo's Weapon Shoppe.
 33550 | Bazaar   | Found Plog's Assorted Antiques.
 33574 | Bazaar   | Found Hampi's Magic Scroll Shoppe.
 33598 | Bazaar   | Found Wehorr's Jewellery Shoppe.
 33598 | Bazaar   | Found Goxouf's Jewellery Emporium.
 33647 | Bazaar   | Bought the ring of Juiranih {Drain +Blink AC+4 Slay+6} for
                  | 904 gold pieces
 33665 | Bazaar   | Bought a scroll of blinking for 67 gold pieces
 33665 | Bazaar   | Bought a scroll of enchant armour for 67 gold pieces
 34304 | Snake:1  | Found a runed translucent gate.
 34304 | Snake:1  | Found a runed translucent gate.
 34306 | Snake:1  | Found a runed translucent gate.
 34307 | Snake:1  | Found an opulent altar of Gozag.
 34308 | Snake:1  | Noticed Jeukyot's ghost (adept MiMo)
 34744 | Snake:2  | Received a gift from Trog
 35297 | Snake:2  | Reached skill level 15 in Fighting
 36106 | Snake:3  | Reached XP level 16. HP: 137/159 MP: 16/16
 36661 | Snake:3  | Found a white marble altar of Elyvilon.
 36835 | Snake:3  | Identified the ring of Pugik {*Corrode rN++ Will+++ SInv}
 37264 | Snake:4  | Entered Level 4 of the Snake Pit
 38291 | Snake:3  | Received a gift from Trog
 38590 | Snake:4  | Found Banlun's Distillery.
 38665 | Snake:4  | Bought a potion of heal wounds for 100 gold pieces
 38665 | Snake:4  | Bought a potion of ambrosia for 160 gold pieces
 38665 | Snake:4  | Bought a potion of heal wounds for 100 gold pieces
 39080 | Snake:4  | Reached skill level 16 in Fighting
 39999 | Snake:4  | Reached skill level 15 in Armour
 40071 | Snake:4  | Got a serpentine rune of Zot
 40576 | Elf:1    | Entered Level 1 of the Elven Halls
 40670 | Elf:1    | Reached skill level 10 in Shields
 40677 | Elf:1    | Reached XP level 17. HP: 134/171 MP: 17/17
 40891 | Elf:1    | Found a crumbling gateway.
 40898 | Elf:1    | Reached skill level 17 in Fighting
 40904 | Desolati | Entered the Desolation of Salt
 41055 | Desolati | Identified the +2 ice dragon scales of Nateuh {rElec rF-
                  | rC++ Slay+2 SInv}
 41057 | Desolati | Identified the +1 quarterstaff of Demonkind {venom, rElec
                  | Int-4 SInv}
 41191 | Desolati | Received a gift from Trog
 41257 | Desolati | Identified the ring "Zulesog" {Fly Will+ Dex+3 Slay-5}
 41259 | Desolati | Identified the ring "Gyar" {MP+9 Int+5}
 41263 | Desolati | Reached skill level 18 in Fighting
 41457 | Desolati | Identified the +1 chain mail of Baoboid {rElec MP+9}
 41890 | Elf:1    | Reached skill level 10 in Evocations
 41976 | Elf:1    | Received a gift from Trog
 42380 | Abyss:2  | Found a corrupted altar of Lugonu.
 42380 | Abyss:2  | Cast into level 2 of the Abyss (+1 halberd of distortion)
 42526 | Abyss:2  | Paralysed by accursed screaming for 1 turns
 42577 | Abyss:2  | Reached XP level 18. HP: 161/185 MP: 18/18
 42650 | Abyss:2  | Noticed a bone dragon
 42659 | Abyss:2  | Killed a bone dragon
 42664 | Elf:2    | Escaped the Abyss
 42938 | Elf:2    | Reached skill level 19 in Fighting
 42947 | Elf:2    | Received a gift from Trog
 43335 | Elf:2    | Found a huge runed translucent gate.
 43335 | Elf:2    | Found a huge runed translucent gate.
 43340 | Elf:2    | Found a huge runed translucent gate.
 43341 | Elf:2    | Found a huge runed translucent gate.
 43341 | Elf:2    | Found a huge runed translucent gate.
 43376 | Elf:2    | Received a gift from Trog
 43864 | Elf:3    | Entered Level 3 of the Elven Halls
 44029 | Elf:3    | Received a gift from Trog
 44030 | Elf:3    | Identified the amulet of Ziocoal {Faith Int+6 Dex-4}
 44045 | Elf:3    | Reached skill level 20 in Fighting
 44048 | Elf:3    | Reached skill level 1 in Stealth
 44136 | Elf:3    | Identified the +6 flail of Ascent {heavy, Int+3}
 44162 | Elf:3    | Reached skill level 5 in Stealth
 44194 | Elf:3    | Reached XP level 19. HP: 197/197 MP: 19/19
 44220 | Elf:3    | Identified the +9 long sword "Emmif" {flame, rElec rF+
                  | Dex+6}
 44368 | Elf:3    | Identified the +7 sling of Resourcefulness {freeze, rElec
                  | Dex+2 Stlth-}
 44414 | Elf:3    | Identified the +7 plate armour of a wizard's laboratory
                  | {Harm Regen+ Str+2 Int+3 Dex-5}
 44463 | Elf:3    | Noticed Bai Suzhen
 44473 | Elf:3    | Killed Bai Suzhen
 44476 | Elf:3    | Received a gift from Trog
 44773 | Elf:3    | Paralysed by an air elemental for 1 turns
 44952 | Elf:2    | Found an ancient bone altar of Kikubaaqudgha.
 45291 | Shoals:1 | Entered Level 1 of the Shoals
 45440 | Shoals:1 | Noticed Roxanne
 45496 | Shoals:1 | Noticed Mlioglotl
 45512 | Shoals:1 | Killed Mlioglotl
 45607 | Shoals:1 | Noticed Frances
 45615 | Shoals:1 | Killed Frances
 45804 | Shoals:1 | Received a gift from Trog
 46737 | Shoals:3 | Found a large runed translucent door.
 46737 | Shoals:3 | Found a large runed translucent door.
 46908 | Shoals:3 | Noticed zamzamzam's ghost (adept MiBe)
 46992 | Shoals:3 | Killed zamzamzam's ghost
 47037 | Shoals:4 | Entered Level 4 of the Shoals
 47135 | Shoals:4 | Identified the +9 trident of Bloody Death {flame, rCorr}
                  | (Trog gifted it to you on level 4 of the Shoals)
 47135 | Shoals:4 | Received a gift from Trog
 47313 | Shoals:4 | Identified the ring "Ebucuy" {Will+ rCorr}
 47675 | Shoals:4 | Got a barnacled rune of Zot
 48060 | Vaults:1 | Entered Level 1 of the Vaults
 48270 | Vaults:1 | Reached skill level 21 in Fighting
 48301 | Vaults:1 | Reached skill level 15 in Evocations
 48305 | Vaults:1 | Paralysed by a great orb of eyes for 4 turns
 48314 | Vaults:1 | Reached XP level 20. HP: 209/211 MP: 15/20
 48336 | Vaults:1 | Received a gift from Trog
 49121 | Vaults:1 | Received a gift from Trog
 49122 | Vaults:1 | Reached skill level 22 in Fighting
 49287 | Vaults:1 | Identified the +1 rapier of Urgency {freeze, rCorr}
 50249 | Vaults:2 | Received a gift from Trog
 51070 | Vaults:3 | Received a gift from Trog
 51145 | Vaults:3 | Reached XP level 21. HP: 182/217 MP: 21/21
 51576 | Vaults:3 | Paralysed by a sphinx for 2 turns
 51635 | Vaults:3 | Found a huge runed gate.
 51635 | Vaults:3 | Found a huge runed gate.
 51635 | Vaults:3 | Found a huge runed gate.
 51635 | Vaults:3 | Found a huge runed gate.
 51635 | Vaults:3 | Found a huge runed gate.
 51635 | Vaults:3 | Found a huge runed gate.
 51635 | Vaults:3 | Found a huge runed gate.
 51636 | Vaults:3 | Found a huge runed gate.
 51636 | Vaults:3 | Found a huge runed gate.
 51636 | Vaults:3 | Found a huge runed gate.
 51640 | Vaults:3 | Found a huge runed gate.
 51640 | Vaults:3 | Found a huge runed gate.
 51640 | Vaults:3 | Found a huge runed gate.
 51640 | Vaults:3 | Found a huge runed gate.
 51640 | Vaults:3 | Found a huge runed gate.
 51640 | Vaults:3 | Found a huge runed gate.
 51641 | Vaults:3 | Found a huge runed gate.
 51642 | Vaults:3 | Found a huge runed gate.
 51643 | Vaults:3 | Found a huge runed gate.
 51680 | Vaults:3 | Received a gift from Trog
 51787 | Vaults:3 | Found a huge runed gate.
 51787 | Vaults:3 | Found a huge runed gate.
 51787 | Vaults:3 | Found a huge runed gate.
 51787 | Vaults:3 | Found a huge runed gate.
 51787 | Vaults:3 | Found a huge runed gate.
 51787 | Vaults:3 | Found a huge runed gate.
 51788 | Vaults:3 | Found a huge runed gate.
 51789 | Vaults:3 | Found a huge runed gate.
 51790 | Vaults:3 | Found a huge runed gate.
 51798 | Vaults:3 | Found a huge runed gate.
 51798 | Vaults:3 | Found a huge runed gate.
 51798 | Vaults:3 | Found a huge runed gate.
 51798 | Vaults:3 | Found a huge runed gate.
 51798 | Vaults:3 | Found a huge runed gate.
 51798 | Vaults:3 | Found a huge runed gate.
 51799 | Vaults:3 | Found a huge runed gate.
 51800 | Vaults:3 | Found a huge runed gate.
 52030 | Vaults:3 | Found a staircase to the Crypt.
 52030 | Vaults:3 | Found a basalt altar of Yredelemnul.
 52031 | Vaults:3 | Found an ancient bone altar of Kikubaaqudgha.
 52081 | Vaults:3 | Reached skill level 23 in Fighting
 53856 | Vaults:4 | Received a gift from Trog
 54276 | Depths:1 | Entered Level 1 of the Depths
 54276 | Depths:1 | Found Ynufo's Weapon Shoppe.
 54278 | Depths:1 | Found a one-way gate leading to the halls of Pandemonium.
 54613 | Depths:1 | Found a runed translucent door.
 54667 | Depths:1 | Found Houpt's Armour Shop.
 54858 | Depths:1 | Found a gateway to Hell.
 54862 | Depths:1 | Reached XP level 22. HP: 205/229 MP: 22/22
 55077 | Depths:2 | Noticed Asterion
 55082 | Depths:2 | Gained mutation: You are occasionally teleported next to
                  | monsters. [a cacodemon]
 55442 | Depths:2 | Received a gift from Trog
 55599 | Depths:2 | Killed Asterion
 55643 | Depths:2 | Found a transporter.
 55648 | Depths:2 | Found a transporter.
 55775 | Depths:2 | Paralysed by a vampire knight for 4 turns
 55782 | Depths:2 | Paralysed by a vampire knight for 3 turns
 55891 | Depths:2 | Found a transporter.
 55930 | Depths:2 | Found a transporter.
 56070 | Depths:2 | Noticed a golden dragon
 56086 | Depths:2 | Killed a golden dragon
 56637 | Depths:3 | Noticed a caustic shrike
 56641 | Depths:3 | Killed a caustic shrike
 56664 | Depths:3 | Identified the +1 longbow "Duah" {heavy, rCorr}
 56677 | Depths:3 | Identified the +1 scale mail of Okawaru's Favour {Fly}
 56808 | Depths:3 | Received a gift from Trog
 56923 | Depths:3 | Reached skill level 10 in Stealth
 56929 | Depths:3 | Noticed Grunn
 56931 | Depths:3 | Noticed a golden dragon
 56943 | Depths:3 | HP: 15/340 [poison (dark miasma)]
 56943 | Depths:3 | Slain by Grunn

Illustrated notes

Levels and vault maps discovered:
D:1:      minmay_arrival_up_and_down, layout_rooms, minmay_unequal
D:2:      wander_river, layout_basic, basic_altar,
          chequers_ecumenical_altar_simple, minmay_misc_feat_iff
D:3:      layout_loops_ring, nicolae_sif_muna_little_library, uniq_natasha,
          uniq_grinder, uniq_terence, uniq_crazy_yiuf_cottage
D:4:      layout_basic, lemuel_round_altar, mainiacjoe_overflow_surrounded_room,
          minmay_misc_feat_x, uniq_pikel
D:5:      layout_loops_cross, brannock_xom_greatest_gift,
          mainiacjoe_overflow_six_doors_small, minivault_26
D:6:      layout_basic, nicolae_overflow_squiral, temple_pool_b,
          nicolae_underground_beach, uniq_maggie
D:7:      gammafunk_corrupted_shrine, layout_basic,
          eino_small_chamber_without_monster, hex_medium
D:8:      layout_loops_ring, nicolae_ru_sacrificial_ziggurat,
          lemuel_round_altar, uniq_psyche
D:9:      layout_irregular_city, okawaru_gym_becter, zin_purify
D:10:     layout_roguey, david_lair_shrubbed, uniq_erolcha
D:11:     layout_irregular_city, serial_ice, serial_ice_m, serial_ice_c,
          serial_ice_a, serial_ice_k, vehumet_statue
D:12:     layout_loops_ring, david_orc_5
D:13:     layout_cave_pools, lightli_vaults_fourway_checkpoint, enter_trove_1,
          special_room [special_room_orc]
D:14:     layout_stronghold, minmay_holes, chequers_serial_rivers_micro_d
D:15:     grunt_enter_depths_magical_seal, layout_rooms, minmay_between
Lair:1:   layout_loops_ring, serial_bayou_lagoon_a, grunt_forest_stairs_basic,
          grunt_megastairs_3
Lair:2:   layout_layer_cave, nicolae_shoals_entry_flooding,
          nicolae_snake_entry_squirm
Lair:3:   layout_regular_city
Lair:4:   layout_big_grid, slime_entry_1, beast_lair_carwin_4, uniq_sonja
Lair:5:   hellmonk_lair_end_abyssal_woods, layout_cave_pods, nzn_ghost_randoct,
          nicolae_lair_liquid_snakes, uniq_josephine
Shoals:1: cheibrodos_shoals_epimethial_gifts, layout_shoals, uniq_frances,
          uniq_mlioglotl, uniq_roxanne
Shoals:2: layout_shoals
Shoals:3: layout_shoals, ebering_ghost_disaster_area
Shoals:4: shoals_end_grunt_ice, layout_shoals
Snake:1:  layout_misc_corridors, ebering_ghost_gozag
Snake:2:  layout_concentric_octagons, serial_shops, bzr_entry_safe,
          serial_bayou_shore_b
Snake:3:  layout_layer_cave, basic_altar, nicolae_snake_snake_lake, drop_trap,
          serial_bayou_shore_b
Snake:4:  snake_pit_salamanders_mu, layout_concentric_octagons, serial_shops,
          nicolae_shop_trees, lemuel_fruit_tree
Orc:1:    nicolae_orc_accident_1, layout_diamond_mine, serial_shops, shop,
          nicolae_orc_stony_grotto
Orc:2:    grunt_orc_community_town_hall, layout_caves,
          grunt_orc_community_big_house_2, grunt_orc_community_big_house_1,
          grunt_orc_community_house_2, grunt_orc_community_house_1,
          grunt_orc_community_house_2, grunt_orc_community_house_1,
          grunt_orc_community_house_1, grunt_orc_community_house_2,
          lightli_orcish_oven
Elf:1:    layout_geoelf_octagon, portal_desolation_entry_twin_temple,
          minmay_elf_sorcery, grunt_megastairs_1
Elf:2:    elven_hall_of_blades_hangedman_alternative
          [nicolae_vaults_blade_armed_guards], layout_geoelf_diagonals,
          amcnicky_mini_pool_small, grunt_ministairs_13, lemuel_upstairs_altar
Elf:3:    grunt_elf_hall_diamonds, layout_loops_ring, uniq_bai_suzhen
Vaults:1: nicolae_vaults_circle_grid_a, nicolae_vaults_big_ls, v_misc_17,
          nicolae_vaults_bisected_inception, nicolae_vaults_quadrants,
          vaults_room_grunt_arrival_ludios, hangedman_vaults_nails,
          vaults_dpeg_emergency_exit, grunt_vaults_twisty,
          grunt_vaults_hallway_short, layout_vaults_omnigrid
Vaults:2: nicolae_vaults_border_crossing, v_misc_23,
          nicolae_vaults_network_star, vaults_dpeg_diagonal,
          nicolae_vaults_little_squares_3, dpeg_vaults_waves, vaults_room_pools,
          v_misc_5, v_misc_29, v_rooms_3, vaults_room_pool,
          nicolae_vaults_mini_display_case, layout_vaults_omnicross
Vaults:3: hangedman_vaults_impose, minmay_crypt_entry_necro_gods, v_rooms_1,
          hangedman_vaults_hat, ontoclasm_vaults_loading_screen,
          grunt_vaults_hallway_short, door_vault, ontoclasm_vaults_ring_square,
          v_misc_19, v_pattern_3, nicolae_vaults_little_squares_2,
          ontoclasm_vaults_spin, vaults_mumra_hex, layout_vaults_big_room
Vaults:4: v_misc_12, v_misc_12, st_more_cells, vaults_room_boxed,
          nicolae_vaults_network_quincunx
          [nicolae_vaults_network_quincunx_subvault,
          nicolae_vaults_network_quincunx_subvault,
          nicolae_vaults_network_quincunx_subvault,
          nicolae_vaults_network_quincunx_subvault,
          nicolae_vaults_network_quincunx_subvault],
          nicolae_vaults_little_squares_6, v_pattern_2, v_alt_pattern_1,
          v_misc_3, vaults_mumra_lcd, nicolae_vaults_asterisk,
          layout_vaults_maze_bifur
Depths:1: layout_cave_pools, pan_entry, serial_shops, nicolae_shop_stone,
          shop_fountains, abyss_entry, grunt_metal_band,
          hangedman_abyss_or_decor_clamps, lightli_gold_pyramid
Depths:2: minmay_expanding_squares, layout_cave_pools, hangedman_coc_ice_floe,
          columned_hall_lemuel, pan_entry, minmay_misc_feat_more_columns,
          hangedman_glass_garden, nicolae_transporter_circle, uniq_asterion
Depths:3: minmay_concentric_multi, layout_honeycomb, minmay_crystal_room,
          abyss_entry, hellmouth_1, grunt_ministairs_3, kennysheep_dice,
          uniq_grunn, uniq_mennas

Skill      XL: |  1  2  3  4  5  6  7  8  9 10 11 12 13 14 15 16 17 18 19 20 21 22 |
---------------+-------------------------------------------------------------------+-----
Fighting       | 3 4 5 7 9 10 11 12 13 15 16 18 20 21 22 23 | 23.3
Armour         | 3 4 5 6 8 10 12 13 15 16 18 19 21 22 | 22.4
Polearms       | 3 4 5 7 9 10 11 12 13 14 15 | 15.0
Evocations     | 2 5 6 8 9 10 13 15 16 | 16.7
Dodging        | 2 4 5 6 8 |  8.0
Shields        | 7 10 12 | 12.0
Stealth        | 5 10 | 10.0

Action                     |  1- 3 |  4- 6 |  7- 9 | 10-12 | 13-15 | 16-18 | 19-21 | 22-24 || total
---------------------------+-------+-------+-------+-------+-------+-------+-------+-------++-------
  Melee: Spear             |   102 |   114 |   457 |   358 |       |       |       |       ||  1031
         Tailslap          |    10 |    10 |    51 |   138 |   455 |   120 |   272 |    75 ||  1131
         Punch             |       |       |     1 |    11 |    27 |       |       |       ||    39
         Trident           |       |       |       |   550 |  2660 |   159 |       |       ||  3369
         Demon trident     |       |       |       |       |       |   832 |  1340 |   339 ||  2511
 Invoke: Berserk           |     1 |     3 |     5 |    11 |    12 |     4 |     3 |     3 ||    42
         Trog's Hand       |       |       |       |     2 |     3 |     2 |     3 |       ||    10
         Brothers in Arms  |       |       |       |       |       |     1 |     1 |       ||     2
  Evoke: Wand              |       |       |     1 |     5 |    25 |     4 |       |       ||    35
         Condenser vane    |       |       |       |       |       |       |     1 |       ||     1
    Use: Scroll            |     1 |       |     6 |     4 |    21 |     6 |     6 |     1 ||    45
         Potion            |       |       |       |     6 |     4 |     4 |     1 |       ||    15
   Stab: Sleeping          |     1 |       |       |       |       |       |       |       ||     1
         Distracted        |       |       |       |       |       |    10 |    23 |     6 ||    39
 Armour: Animal skin       |    35 |       |       |       |       |       |       |       ||    35
         Plate armour      |     4 |    70 |   207 |   445 |  1740 |   507 |   639 |   259 ||  3871
  Dodge: Dodged            |    18 |    10 |    40 |   116 |   410 |   155 |   180 |    73 ||  1002
  Block: Kite shield       |       |       |       |       |   242 |   224 |   400 |   119 ||   985

Table legend: (Time is in decaauts)
 A = Elapsed time spent in this place.
 B = Non-inter-level travel time spent in this place.
 C = Inter-level travel time spent in this place.
 D = Time resting spent in this place.
 E = Time spent auto-exploring this place.
 F = Levels seen in this place.
 G = Mean time per level.
                   A        B        C        D        E       F      G
               +--------+--------+--------+--------+--------+-----+--------+
         Total |  55212 |  51599 |   3613 |  10038 |  26285 |  43 | 1284.0 |
       Dungeon |  18231 |  16808 |   1423 |   2779 |   9892 |  15 | 1215.4 |
          Lair |  10771 |   9955 |    816 |   1872 |   5964 |   5 | 2154.2 |
        Shoals |   2507 |   2345 |    162 |    208 |    756 |   4 |  626.8 |
     Snake Pit |   7281 |   7071 |    210 |   2547 |   2915 |   4 | 1820.2 |
  Orcish Mines |   3298 |   3039 |    259 |    704 |   1446 |   2 | 1649.0 |
   Elven Halls |   3280 |   2976 |    304 |    332 |   1326 |   3 | 1093.3 |
        Vaults |   5893 |   5530 |    363 |    742 |   2766 |   4 | 1473.2 |
        Depths |   2633 |   2559 |     74 |    726 |    996 |   3 |  877.7 |
         Abyss |    272 |    272 |      0 |     26 |      0 |   1 |  272.0 |
        Bazaar |    185 |    185 |      0 |      0 |     43 |   1 |  185.0 |
    Desolation |    856 |    856 |      0 |     98 |    179 |   1 |  856.0 |
               +--------+--------+--------+--------+--------+-----+--------+

Top non-repeatable levels by time:
  Lair:5: 3499 daAuts
 Snake:3: 2352 daAuts
 Snake:4: 2138 daAuts
  Lair:2: 2117 daAuts
Vaults:3: 1812 daAuts
    D:13: 1797 daAuts
   Orc:1: 1793 daAuts
  Lair:3: 1733 daAuts
  Lair:1: 1726 daAuts
  Lair:4: 1694 daAuts
 Snake:2: 1578 daAuts
Vaults:1: 1521 daAuts
   Orc:2: 1505 daAuts
     D:6: 1413 daAuts
    D:12: 1394 daAuts
